 Dungeon Crawl Stone Soup version 0.29.1-12-g30fa7ad0bf (webtiles) character file.

Game seed: 15787650350370427942

16 ThatPearl the Insei (level 2, -4/23 HPs)
             Began as a Demigod Transmuter on Jan 3, 2023.
             Slain by Sigmund
             ... wielding a +0 scythe
              (8 damage)
             ... on level 2 of the Dungeon.
             The game lasted 00:02:43 (993 turns).

ThatPearl the Insei (Demigod Transmuter)             Turns: 993, Time: 00:02:44

Health: -4/23      AC:  6    Str: 11    XL:     2   Next: 27%
Magic:  5/7        EV: 12    Int: 15    God:
Gold:   19         SH:  0    Dex: 14    Spells: 1/4 levels left

rFire   . . .      SeeInvis .     - Unarmed
rCold   . . .      Faith    .   (no shield)
rNeg    . . .      Spirit   .   a - +0 robe
rPois   .          Reflect  .   (helmet currently unavailable)
rElec   .          Harm     .   (no cloak)
rCorr   .          Rampage  .   (no gloves)
Will    .....                   (boots currently unavailable)
Stlth   +.........              (no amulet)
HPRegen 0.07/turn               h - +4 ring of protection
MPRegen 0.10/turn               (no ring)

@: appendages (expiring), wereblooded
A: horns 2, talons 2, high MP 1, forlorn, divine attributes
a: End Transformation


You were on level 2 of the Dungeon.
You had temporarily grown beastly horns and talons.
You visited 1 branch of the dungeon, and saw 2 of its levels.

You collected 19 gold pieces.

Inventory:

Missiles
 c - 9 stones
Armour
 a - a +0 robe (worn)
Jewellery
 h - a +4 ring of protection (left hand)
Scrolls
 d - a scroll of enchant weapon {unknown}
 e - a scroll of poison {unknown}
 i - a scroll of enchant armour {unknown}
Potions
 b - 2 potions of lignification
 f - a potion of degeneration {unknown}
 g - a potion of brilliance {unknown}


   Skills:
 + Level 1.2 Fighting
 + Level 2.1 Dodging
 + Level 2.9 Unarmed Combat
 - Level 1.7 Spellcasting
 + Level 2.0 Transmutations


You had one spell level left.
You knew the following spells:

 Your Spells              Type           Power      Damage    Failure   Level
a - Beastly Appendage     Tmut           14%        N/A       10%         1
b - Wereblood             Tmut           7%         N/A       14%         2

Your spell library contained the following spells:

 Spells                   Type           Power      Damage    Failure   Level
 Spider Form              Tmut/Pois      4%         N/A       41%         3
 Confusing Touch          Hex            1%         N/A       56%         3
 Ice Form                 Ice/Tmut       4%         N/A       83%         4
 Yara's Violent Unravell  Hex/Tmut       2%         3d3       99%         5
 Enfeeble                 Hex            0%         N/A       100%        7


Dungeon Overview and Level Annotations

Branches:
Dungeon (2/15)

Annotations:
D:2 Sigmund


Innate Abilities, Weirdness & Mutations

You have temporarily grown beastly horns and talons.
You have an increased reservoir of magic. (+10% MP)
You shall have no god before yourself.
Your divine heritage dramatically boosts your attributes as you level up.


Message History

Cast which spell? (? or * to list)
You grow a pair of large bovine horns.
Your feet morph into talons.
A jackal comes into view.
Casting: Beastly Appendage (safe; 10% risk of failure)
Confirm with . or Enter, or press ? or * to list all spells.
Your blood is infused with primal strength.
The jackal barks!
You hear some strange, mumbled words.
A puff of flame appears from out of thin air!
The puff of flame hits you!
You miss something. Something hits you!
* * * LOW HITPOINT WARNING * * *
You hit the jackal.
The jackal is almost dead.
The jackal bites you but does no damage.
The jackal misses you. x2
You hit the jackal.
You feel a bit better.
You kill the jackal!
Something hits you.
* * * LOW HITPOINT WARNING * * *
The jackal barely misses you.
You hit the jackal. You claw the jackal.
You feel a bit better.
You kill the jackal!
The jackal bites you but does no damage.
A rat comes into view.
Something hits you but does no damage.
You barely miss the jackal. You claw the jackal, but do no damage.
You headbutt the jackal.
You feel a bit better.
You kill the jackal!
Your transformation is almost over.
A rat comes into view.
You closely miss something. Something hits you.
* * * LOW HITPOINT WARNING * * *
You closely miss something. You headbutt something!
Something completely misses you.
You miss something. Your headbutt misses something. You barely miss something.
Your kick misses something. Something hits you but does no damage.
The rat twitches its whiskers.
You closely miss the rat. The rat closely misses you. Something hits you!
You die...

#..#
#..### .#
#....##.##
#..#.....
##..#..<#
......##
#......#..
#<.†......
##@rr..##
#.{..##
#....#
#..#.#
#..#...
...# .##
#### . ..


You could see 2 rats.

Vanquished Creatures
  A ball python (D:1)
  3 goblins (D:1)
  A hobgoblin (D:1)
  3 jackals (D:2)
  2 kobolds (D:1)
  A quokka (D:1)
  A bat (D:1)
  A frilled lizard (D:1)
  A rat (D:1)
14 creatures vanquished.

Notes
Turn   | Place    | Note
-------+----------+-------------------------------------------
     0 | D:1      | ThatPearl the Demigod Transmuter began the quest for the
                  | Orb.
     0 | D:1      | Reached XP level 1. HP: 15/15 MP: 5/5
   237 | D:1      | Reached skill level 1 in Fighting
   665 | D:1      | Reached XP level 2. HP: 23/23 MP: 7/7
   668 | D:1      | Learned a level 2 spell: Wereblood
   979 | D:2      | Noticed Sigmund
   993 | D:2      | Slain by Sigmund

Illustrated notes

Levels and vault maps discovered:
D:1:      matt_arrival_diagonals, layout_loops_ring
D:2:      layout_loops_ring, basic_altar, uniq_natasha, uniq_sigmund

Skill      XL: |  1 |
---------------+----+-----
Fighting       | 1 |  1.2
Dodging        | 2 |  2.1
Transmutations | 2 |  2.0
Unarmed Combat | |  2.9
Spellcasting   | |  1.7

Action                   || total
-------------------------++-------
Melee: Unarmed           ||    48
       Kick              ||     2
       Headbutt          ||     2
 Cast: Beastly Appendage ||     1
       Wereblood         ||     1
Armor: Robe              ||    15
Dodge: Dodged            ||    29
